 Dungeon Crawl Stone Soup version 0.28.0-1-gb440e238dd (webtiles) character file.

Game seed: 17157644172796240549

177 Ablot the Grasshopper (level 5, -1/43 HPs)
             Began as a Gnoll Warper on Feb 20, 2022.
             Frozen to death by an endoplasm (4 damage)
             ... in a sewer.
             The game lasted 00:05:24 (2510 turns).

Ablot the Grasshopper (Gnoll Warper)                Turns: 2510, Time: 00:05:25

Health: -1/43      AC:  8    Str: 12    XL:     5   Next: 57%
Magic:  12/12      EV: 17    Int: 12    God:
Gold:   148        SH:  0    Dex: 12    Spells: 12/14 levels left

rFire   . . .      SeeInvis .   a - +0 spear
rCold   . . .      Faith    .   (no shield)
rNeg    . . .      Spirit   .   b - +0 leather armour
rPois   .          Reflect  .   (no helmet)
rElec   .          Harm     .   (no cloak)
rCorr   .          Rampage  .   m - +0 pair of gloves
Will    .....                   (no boots)
Stlth   +.........              (no amulet)
HPRegen 0.14/turn               h - +4 ring of protection
MPRegen 0.13/turn               o - +4 ring of evasion

@: no status effects
A: fangs 1, strong nose, distributed training
a: no special abilities


You were in a sewer.
You visited 1 branch of the dungeon, and saw 3 of its levels.
You also visited: Sewer.

You collected 148 gold pieces.

Inventory:

Hand Weapons
 a - a +0 spear (weapon)
Missiles
 d - 5 boomerangs of dispersal (quivered)
 e - 86 stones
 j - 3 poisoned darts
 k - 21 bolts
 l - 55 sling bullets
Armour
 b - a +0 leather armour (worn)
 m - a +0 pair of gloves (worn)
Jewellery
 h - a +4 ring of protection (left hand)
 o - a +4 ring of evasion (right hand)
Wands
 q - a wand of mindburst (9)
Scrolls
 c - 2 scrolls of blinking
 f - a scroll of teleportation {unknown}
 g - a scroll of magic mapping {unknown}
 p - a scroll of fear {unknown}
Potions
 i - a potion of resistance {unknown}
 n - a potion of magic {unknown}


   Skills:
 + Level 4.8 Fighting
 + Level 1.5 Short Blades
 + Level 1.5 Long Blades
 + Level 1.5 Axes
 + Level 1.5 Maces & Flails
 + Level 4.8 Polearms
 + Level 1.5 Staves
 + Level 1.5 Slings
 + Level 1.5 Bows
 + Level 1.5 Crossbows
 + Level 3.0 Throwing
 + Level 3.0 Armour
 + Level 4.8 Dodging
 + Level 1.5 Stealth
 + Level 1.5 Shields
 + Level 1.5 Unarmed Combat
 + Level 5.2 Spellcasting
 + Level 1.2 Conjurations
 + Level 1.2 Hexes
 + Level 1.2 Summonings
 + Level 1.2 Necromancy
 + Level 5.5 Translocations
 + Level 1.2 Transmutations
 + Level 1.2 Fire Magic
 + Level 1.2 Ice Magic
 + Level 1.2 Air Magic
 + Level 1.2 Earth Magic
 + Level 1.2 Poison Magic
 + Level 1.7 Invocations
 + Level 1.5 Evocations


You had 12 spell levels left.
You knew the following spells:

 Your Spells              Type           Power      Damage    Failure   Level
a - Blink                 Tloc           32%        N/A       3%          2

Your spell library contained the following spells:

 Spells                   Type           Power      Damage    Failure   Level
 Gell's Gravitas          Tloc           16%        N/A       8%          3
 Lesser Beckoning         Tloc           16%        N/A       8%          3
 Teleport Other           Tloc           16%        N/A       8%          3
 Shock                    Conj/Air       24%        1d4       16%         1
 Swiftness                Air            6%         N/A       41%         3
 Manifold Assault         Tloc           16%        N/A       56%         5
 Airstrike                Air            3%         N/A       83%         4
 Olgreb's Toxic Radiance  Pois           6%         N/A       83%         4
 Ozocubu's Refrigeration  Ice            3%         4d5       100%        7
 Ignition                 Fire           3%         3d4       100%        8


Dungeon Overview and Level Annotations

Branches:
Dungeon (3/15)              Sewer (1/1)

Altars:
Fedhas
Hepliaklqana


Innate Abilities, Weirdness & Mutations

You have very sharp teeth.
Your uncanny sense of smell can sniff out nearby items.
Your experience applies equally to all skills.


Message History

The bullfrog is almost dead.
The bullfrog hits you but does no damage. x2
The endoplasm misses you. The bullfrog hits you.
You hit the bullfrog. You punch the bullfrog.
You kill the bullfrog!
The bullfrog hits you but does no damage.
The endoplasm misses you.
Your Throwing skill increases to level 3!
Your Armour skill increases to level 3!
Unknown command.
You hit the bullfrog. Your bite misses the bullfrog.
The bullfrog is lightly wounded.
The bullfrog hits you but does no damage.
The endoplasm freezes you.
You are frozen.
* * * LOW HITPOINT WARNING * * *
Unknown command.
You hit the bullfrog.
The bullfrog is heavily wounded.
The bullfrog hits you.
* * * LOW HITPOINT WARNING * * *
The bullfrog barely misses you. The endoplasm barely misses you.
Unknown command.
You hit the bullfrog.
The bullfrog is heavily wounded.
The bullfrog barely misses you.
Unknown command.
You hit the bullfrog.
The bullfrog is heavily wounded.
The bullfrog closely misses you.
The endoplasm jiggles.
The endoplasm closely misses you.
You hit the bullfrog but do no damage.
You bite the bullfrog, but do no damage.
The bullfrog is heavily wounded.
The bullfrog hits you.
* * * LOW HITPOINT WARNING * * *
The endoplasm freezes you.
You are frozen.
You die...

##.≈≈.≈.≈#≈∩≈#######≈≈≈####
##≈≈≈.≈####≈≈≈≈.≈..#≈≈.≈≈≈.##
##≈≈≈≈###.≈≈..≈≈≈.††##††#≈≈≈.##
#≈.≈.##≈≈≈≈.#######≈≈#≈≈##≈≈≈≈#
#≈≈.##≈≈≈≈###≈≈≈≈≈#≈.##.≈##..≈##
≈≈≈≈#≈≈≈.##≈≈.≈≈≈≈≈.≈.#≈.≈#.≈≈≈#
≈≈.##≈≈≈##≈≈≈≈.≈≈≈.≈≈≈#≈≈≈##..≈##
≈≈≈#.≈.≈#≈≈≈≈≈.F≈$.≈.≈#≈≈≈≈#≈≈≈.#
≈≈.#.≈≈≈#≈≈≈≈≈≈†@[..≈≈#≈≈≈≈#.≈.∩#
≈.≈#≈≈≈≈#≈≈≈≈..J)!.≈≈≈#≈≈≈≈#≈≈..#
≈≈≈##.≈≈##≈≈≈≈.≈..≈≈≈##≈.≈##≈.≈##
≈≈≈≈#≈≈.≈##≈≈≈≈.≈.≈≈##≈≈.≈#.≈≈≈#
#.≈≈##≈≈≈≈###≈≈≈≈≈###≈≈≈≈##≈≈.##
#≈≈≈.##≈≈≈.≈#######≈.†.≈##≈≈≈≈#
##≈≈≈†###≈≈≈≈≈†≈≈.≈≈≈≈###≈.≈≈##
##≈≈≈≈.####≈≈†..≈≈####≈≈≈≈≈##
##.≈≈≈.≈†#########≈≈≈≈≈≈≈##


You could see a bullfrog and an endoplasm.

Vanquished Creatures
  A bullfrog (Sewer)
  3 adders
  2 worms (D:2)
  3 dart slugs
  7 ball pythons
  4 bats
  6 endoplasms (Sewer)
  12 giant cockroaches
  5 goblins
  7 hobgoblins
  4 quokkas (Sewer)
  9 frilled lizards
  3 kobolds
  3 rats
69 creatures vanquished.

Notes
Turn   | Place    | Note
-------+----------+-------------------------------------------
     0 | D:1      | Ablot the Gnoll Warper began the quest for the Orb.
     0 | D:1      | Reached XP level 1. HP: 20/20 MP: 6/6
   289 | D:1      | Reached XP level 2. HP: 26/26 MP: 7/7
   292 | D:1      | Learned a level 2 spell: Blink
  1176 | D:2      | Found a faded altar of an unknown god.
  1200 | D:2      | Reached skill level 5 in Spellcasting
  1200 | D:2      | Reached XP level 3. HP: 31/31 MP: 9/9
  1514 | D:2      | Reached skill level 1 in Invocations
  1782 | D:3      | Reached skill level 1 in Short Blades
  1782 | D:3      | Reached skill level 1 in Long Blades
  1782 | D:3      | Reached skill level 1 in Axes
  1782 | D:3      | Reached skill level 1 in Maces & Flails
  1782 | D:3      | Reached skill level 1 in Staves
  1782 | D:3      | Reached skill level 1 in Slings
  1782 | D:3      | Reached skill level 1 in Bows
  1782 | D:3      | Reached skill level 1 in Crossbows
  1782 | D:3      | Reached skill level 1 in Stealth
  1782 | D:3      | Reached skill level 1 in Shields
  1782 | D:3      | Reached skill level 1 in Unarmed Combat
  1782 | D:3      | Reached skill level 1 in Evocations
  1788 | D:3      | Reached XP level 4. HP: 35/38 MP: 11/11
  1823 | D:3      | Found a hazy altar of Hepliaklqana.
  2004 | D:3      | Found a blossoming altar of Fedhas.
  2074 | D:3      | Found a glowing drain.
  2105 | Sewer    | Entered a sewer
  2266 | Sewer    | Reached skill level 1 in Conjurations
  2266 | Sewer    | Reached skill level 1 in Hexes
  2266 | Sewer    | Reached skill level 1 in Summonings
  2266 | Sewer    | Reached skill level 1 in Necromancy
  2266 | Sewer    | Reached skill level 1 in Transmutations
  2266 | Sewer    | Reached skill level 1 in Fire Magic
  2266 | Sewer    | Reached skill level 1 in Ice Magic
  2266 | Sewer    | Reached skill level 1 in Air Magic
  2266 | Sewer    | Reached skill level 1 in Earth Magic
  2266 | Sewer    | Reached skill level 1 in Poison Magic
  2489 | Sewer    | Reached XP level 5. HP: 43/43 MP: 12/12
  2510 | Sewer    | Frozen to death by an endoplasm

Illustrated notes

Levels and vault maps discovered:
D:1:      mushboom_english_gardens, layout_basic, kennysheep_small_spiral,
          hangedman_abyss_or_decor_lesser_grid, st_stairs_2
D:2:      layout_basic, ebering_ecumenical_altar_rust, kennysheep_boxes
D:3:      layout_loops_cross, lemuel_crystal_altar,
          nicolae_overflow_hidden_temple, mainiacjoe_overflow_alcove_1,
          portal_sewer_entry_b, pf_guarded_unrand_delatra
Sewer:    sewer_frog_island_02

Skill      XL: |  1  2  3  4  5 |
---------------+----------------+-----
Spellcasting   | 5 |  5.2
Invocations    | 1 |  1.7
Short Blades   | 1 |  1.5
Long Blades    | 1 |  1.5
Axes           | 1 |  1.5
Maces & Flails | 1 |  1.5
Staves         | 1 |  1.5
Slings         | 1 |  1.5
Bows           | 1 |  1.5
Crossbows      | 1 |  1.5
Stealth        | 1 |  1.5
Shields        | 1 |  1.5
Unarmed Combat | 1 |  1.5
Evocations     | 1 |  1.5
Conjurations   | 1 |  1.2
Hexes          | 1 |  1.2
Summonings     | 1 |  1.2
Necromancy     | 1 |  1.2
Transmutations | 1 |  1.2
Fire Magic     | 1 |  1.2
Ice Magic      | 1 |  1.2
Air Magic      | 1 |  1.2
Earth Magic    | 1 |  1.2
Poison Magic   | 1 |  1.2
Throwing       | 3 |  3.0
Armour         | 3 |  3.0
Fighting       | |  4.8
Polearms       | |  4.8
Dodging        | |  4.8
Translocations | |  5.5

Action                   |  1- 3 |  4- 6 || total
-------------------------+-------+-------++-------
Melee: Spear             |   136 |   171 ||   307
       Bite              |    11 |    10 ||    21
       Punch             |     1 |     3 ||     4
 Stab: Sleeping          |     1 |     1 ||     2
Armor: Leather armour    |    28 |    49 ||    77
Dodge: Dodged            |    64 |   126 ||   190
